Map: Catalyst LE

Players

Lambo

  • Race: Zerg Zerg
  • Spawn Location: 11:00

souL - Winner!

  • Race: Terran Terran
  • Spawn Location: 5:00

Event: WCS Leipzig 2018

VOD

Have the link to the VOD?

Description

Time

  • Played on: Jan. 26, 2018, 7:11 a.m.
  • Length: 12:41

All games in this series

Show
View Real Time Build Order
Export as new Build Order

Lambo Zerg 

Build Orders: Hatch First 

Get SALT Encoding   

  12  0:00  Drone  
  13  0:13  Overlord  
  13  0:16  Drone  
  14  0:31  Drone x2  
  16  0:36  Drone  
  17  0:52  Hatchery  
  17  0:55  Drone  
  17  0:58  Drone  
  17  1:03  Extractor  
  17  1:13  Spawning Pool  
  17  1:16  Drone  
  17  1:20  Drone  
  18  1:29  Drone  
  19  1:41  Overlord  
  19  1:52  Drone  
  20  1:59  Queen  
  22  2:03  Metabolic Boost  
  22  2:04  Queen  
  22  2:06  Zergling x2  
  22  2:07  Zergling x2  
  26  2:15  Drone x2  
  28  2:24  Drone  
  28  2:27  Drone  
  30  2:36  Drone x2  
  32  2:45  Hatchery  
  32  2:47  Queen  
  33  2:52  Overlord  
  33  2:54  Drone  
  34  2:59  Overlord  
  34  3:05  Zergling x2  
  35  3:10  Zergling x6  
  35  3:11  Zergling x2  
  39  3:18  Zergling x8  
  43  3:29  Queen  
  43  3:31  Drone x2  
  46  3:36  Drone x2  
  46  3:39  Overlord  
  46  3:41  Queen  
  48  3:46  Zergling x2  
  51  3:56  Overlord  
  51  3:58  Drone x3  
  51  4:00  Drone x2  
  56  4:04  Zergling x6  
  56  4:08  Drone x2  
  61  4:13  Drone x2  
  61  4:14  Overlord  
  62  4:19  Queen  
  62  4:20  Drone  
  62  4:23  Drone  
  66  4:26  Overlord  
  66  4:29  Drone  
  66  4:33  Overlord  
  66  4:36  Overlord  
  65  4:39  Drone  
  65  4:40  Drone  
  67  4:46  Drone x3  
  67  4:51  Drone x3  
  73  4:54  Drone  
  73  4:59  Drone  
  75  5:02  Drone  
  75  5:05  Drone x3  
  79  5:07  Queen  
  79  5:11  Baneling Nest  
  79  5:12  Extractor  
  79  5:13  Drone x4  
  83  5:18  Drone x3  
  84  5:22  Drone  
  80  5:29  Drone x2, Extractor x2  
  80  5:30  Evolution Chamber  
  80  5:31  Evolution Chamber  
  80  5:32  Extractor  
  80  5:34  Lair  
  77  5:35  Drone  
  77  5:36  Drone x2  
  77  5:37  Drone x2  
  77  5:40  Drone x4  
  86  5:43  Overlord  
  86  5:44  Drone  
  86  5:46  Drone  
  88  5:51  Drone  
  88  5:52  Drone  
  90  5:57  Drone  
  90  6:01  Zerg Ground Armor Level 1  
  90  6:02  Extractor, Overlord  
  90  6:07  Hatchery, Zergling x10  
  90  6:10  Baneling x6  
  94  6:12  Baneling, Zergling x2  
  95  6:19  Zergling x14  
  95  6:20  Baneling  
  95  6:21  Baneling  
  95  6:24  Zergling x4  
  104  6:27  Baneling x2  
  104  6:33  Drone x2  
  105  6:43  Drone x2  
  105  6:45  Drone  
  105  6:49  Drone x6  
  105  6:56  Hydralisk Den  
  105  6:58  Overseer, Infestation Pit  
  105  7:00  Drone x3  
  105  7:01  Centrifical Hooks  
  106  7:07  Zerg Missile Weapons Level 1  
  106  7:08  Drone x3  
  109  7:14  Extractor  
  108  7:15  Extractor  
  108  7:22  Queen  
  109  7:23  Queen  
  109  7:28  Queen  
  113  7:31  Hydralisk x3  
  113  7:33  Muscular Augments, Overlord x2  
  113  7:34  Hive  
  113  7:36  Spire  
  118  7:39  Overlord  
  118  7:41  Overlord  
  118  7:44  Overlord  
  118  7:45  Overlord x2  
  118  7:46  Hydralisk x2  
  120  7:58  Hydralisk x4  
  120  8:02  Hydralisk x4, Overlord  
  120  8:03  Hydralisk  
  138  8:06  Drone  
  138  8:10  Hydralisk x2  
  143  8:16  Hydralisk x3  
  143  8:18  Overlord  
  149  8:20  Hatchery  
  149  8:21  Queen  
  149  8:26  Overlord  
  150  8:27  Overlord  
  150  8:30  Hydralisk x3  
  156  8:43  Hydralisk x4  
  156  8:46  Overlord  
  156  8:48  Hydralisk x3  
  165  8:58  Zergling x22  
  165  9:02  Greater Spire  
  176  9:05  Baneling x8  
  176  9:07  Hydralisk  
  178  9:11  Hydralisk x2  
  182  9:17  Hydralisk x3  
  182  9:19  Baneling x3  
  182  9:21  Baneling x4  
  182  9:23  Hydralisk  
  185  9:33  Hydralisk x3  
  185  9:35  Hydralisk x3  
  169  9:38  Hydralisk x2  
  169  9:41  Hydralisk  
  163  9:49  Hydralisk x4  
  171  9:53  Hydralisk x2  
  171  9:56  Hydralisk x2  
  171  9:58  Overlord  
  179  10:06  Corruptor x2  
  158  10:09  Queen x2  
  158  10:12  Corruptor  
  151  10:19  Corruptor x2  
  155  10:23  Hydralisk x2  
  159  10:38  Hydralisk x4  
  159  10:39  Hydralisk x3  
  138  10:54  Queen x2, Brood Lord x2  
  144  10:57  Extractor  
  144  11:00  Drone x3  
  144  11:01  Drone x3, Extractor  
  148  11:05  Brood Lord  
  148  11:07  Brood Lord  
  152  11:17  Brood Lord  
  147  11:25  Corruptor  
  147  11:28  Drone x4  
  147  11:29  Drone  
  147  11:30  Drone  
  149  11:33  Corruptor  
  149  11:37  Hatchery, Corruptor  
  152  11:42  Corruptor  
  154  11:54  Corruptor x3  
  158  12:02  Extractor  
  158  12:06  Extractor  
  155  12:11  Corruptor  
  157  12:23  Overlord  
Show
View Real Time Build Order
Export as new Build Order

souL Terran - Winner!

Build Orders: Gas First Reaper Expand, Liberator Opening, Reaper Expand, Mech 

Get SALT Encoding   

  12  0:00  SCV  
  13  0:12  SCV  
  14  0:17  Supply Depot  
  14  0:24  SCV  
  14  0:27  Refinery  
  15  0:38  SCV  
  16  0:45  Barracks  
  16  0:51  SCV  
  17  1:03  SCV  
  18  1:16  SCV  
  19  1:31  Reaper  
  19  1:32  Orbital Command  
  20  1:43  Command Center  
  20  1:54  Factory  
  20  1:59  SCV  
  21  2:07  Barracks Reactor  
  21  2:09  Supply Depot  
  21  2:12  SCV  
  22  2:16  Refinery  
  22  2:25  SCV  
  23  2:37  SCV  
  23  2:42  Starport  
  24  2:48  Hellion x2  
  24  2:49  SCV  
  29  2:56  Orbital Command  
  29  3:01  SCV  
  29  3:05  Barracks Tech Lab  
  30  3:10  Hellion  
  34  3:12  Hellion  
  34  3:15  SCV  
  35  3:22  Viking  
  35  3:25  SCV  
  38  3:32  SCV  
  38  3:33  Supply Depot  
  39  3:37  SCV, Liberator  
  39  3:40  Hellion  
  39  3:41  Hellion  
  44  3:45  SCV  
  45  3:49  SCV  
  49  3:57  SCV  
  49  3:59  Supply Depot  
  49  4:01  SCV  
  51  4:09  SCV  
  52  4:15  Hellion  
  52  4:16  Armory  
  54  4:18  Supply Depot  
  54  4:21  SCV x2, Hellion  
  58  4:33  SCV  
  58  4:35  Command Center  
  59  4:40  SCV  
  60  4:47  SCV  
  60  4:52  SCV  
  61  4:53  Refinery  
  61  4:54  Refinery  
  61  4:59  SCV  
  60  5:01  Supply Depot  
  60  5:04  SCV  
  60  5:05  Thor  
  67  5:08  Medivac  
  67  5:11  SCV  
  70  5:20  Barracks Tech Lab  
  70  5:23  SCV x2  
  70  5:24  Factory  
  70  5:25  Factory  
  70  5:31  Terran Vehicle Weapons Level 1  
  70  5:32  Supply Depot x2  
  70  5:35  SCV x2  
  69  5:47  SCV x2  
  69  5:48  Orbital Command  
  71  5:51  Factory  
  71  5:52  Factory  
  71  5:59  SCV  
  71  6:00  Siege Tank  
  71  6:01  SCV  
  76  6:04  Supply Depot  
  76  6:06  Hellion x3  
  76  6:07  Hellion x4  
  76  6:13  SCV  
  76  6:14  Infernal Pre-Igniter  
  77  6:19  SCV  
  77  6:21  Hellion  
  77  6:22  Hellion  
  77  6:24  Supply Depot  
  82  6:26  SCV  
  82  6:31  SCV  
  84  6:33  Orbital Command  
  84  6:38  SCV  
  85  6:44  SCV  
  86  6:50  SCV  
  86  6:52  Hellion, Factory Reactor, Siege Tank x2  
  86  6:53  Factory Tech Lab  
  83  6:54  Hellion  
  83  6:55  Starport Reactor  
  83  6:58  SCV  
  83  6:59  SCV  
  85  7:02  SCV  
  85  7:07  Refinery  
  86  7:10  SCV  
  86  7:11  Refinery, SCV  
  86  7:14  Hellion, SCV, Siege Tank, Supply Depot  
  94  7:16  Hellion  
  97  7:22  SCV  
  97  7:23  SCV  
  97  7:24  Siege Tank  
  97  7:25  Supply Depot  
  97  7:29  Hellion, Supply Depot, Siege Tank  
  106  7:34  Hellion  
  106  7:35  Hellion  
  110  7:37  Supply Depot  
  110  7:38  Terran Vehicle Weapons Level 2  
  110  7:40  Hellion  
  112  7:46  Hellion  
  112  7:50  Hellion  
  116  7:56  Siege Tank  
  116  7:57  Supply Depot  
  119  7:59  Supply Depot  
  119  8:00  Hellion  
  119  8:01  Siege Tank  
  119  8:02  Hellion, Supply Depot  
  119  8:04  Supply Depot  
  119  8:05  Hellion  
  128  8:07  Siege Tank  
  128  8:12  Hellion  
  133  8:19  Engineering Bay, Smart Servos  
  133  8:22  Hellion, Supply Depot  
  133  8:24  Hellion  
  133  8:25  Supply Depot  
  133  8:27  Hellion  
  139  8:28  Siege Tank  
  139  8:33  Hellion x2  
  146  8:35  Viking  
  146  8:39  Siege Tank  
  151  8:41  SCV  
  151  8:43  Hellion  
  151  8:45  Hellion  
  156  8:50  Hellion  
  156  8:51  Command Center  
  156  8:54  Siege Tank  
  161  8:57  Hellion  
  161  9:00  Viking, Siege Tank  
  168  9:05  Viking  
  168  9:08  Hellion  
  172  9:11  Hellion, Siege Tank  
  177  9:26  Siege Tank  
  177  9:27  Hellion  
  177  9:30  Hellion, Viking  
  182  9:32  Siege Tank  
  182  9:35  Hellion, Viking  
  182  9:37  Hellion  
  146  9:43  Siege Tank  
  141  9:48  Hellion  
  141  9:51  Hellion  
  145  9:56  Hellion  
  145  9:58  Siege Tank  
  145  9:59  Hellion  
  152  10:00  Viking, Missile Turret  
  152  10:05  Hellion, Viking  
  143  10:10  Hellion  
  143  10:13  Planetary Fortress  
  135  10:16  Siege Tank  
  135  10:18  SCV  
  135  10:20  Hellion  
  141  10:22  Hellion  
  141  10:24  Refinery  
  141  10:25  SCV, Refinery  
  141  10:26  SCV  
  145  10:30  Missile Turret  
  153  10:39  Viking  
  155  10:49  Hellion x3  
  144  10:51  Viking  
  144  10:53  Thor x2  
  144  10:55  Hellion, Cyclone  
  148  10:58  Cyclone  
  148  11:00  Cyclone  
  154  11:04  SCV  
  154  11:05  SCV  
  154  11:06  SCV  
  157  11:14  Viking  
  157  11:20  SCV  
  157  11:21  Hellion, Viking, Siege Tank  
  165  11:31  Hellion  
  163  11:35  SCV x3  
  163  11:36  Siege Tank x2  
  172  11:43  Hellion, Viking  
  172  11:44  Hellion  
  178  11:51  Hellion  
  178  11:53  Siege Tank  
  183  11:55  Viking  
  183  12:00  Missile Turret  
  185  12:05  Hellion  
  185  12:08  Siege Tank x2  
  184  12:09  Hellion  
  188  12:15  Command Center  
  188  12:19  Hellion  
  184  12:24  Missile Turret  
Tags
 
Add a new tag
Caveats
  • Supply blocks, unpowered buildings, or Contaminate may cause inaccurate times.
  • Supply counts are checked every 10 seconds.